 Dungeon Crawl Stone Soup version 0.31-a0-246-g8cbcc1cb85 (webtiles) character file.

Game seed: 9401777453547976248

64 qw the Shooter (level 4, 0/26 HPs)
             Began as a Gargoyle Hexslinger on July 12, 2023.
             Slain by Sigmund
             ... wielding a +2 heavy scythe
              (2 damage)
             ... on level 2 of the Dungeon.
             The game lasted 00:00:37 (970 turns).

qw the Shooter (Gargoyle Hexslinger)                 Turns: 970, Time: 00:00:37

Health: 0/26       AC:  8    Str: 12    XL:     4   Next: 12%
Magic:  5/5        EV: 10    Int: 13    God:
Gold:   79         SH:  0    Dex: 14    Spells: 4/5 levels left

rFire   . . .        Y - +1 sling
rCold   . . .        (no shield)
rNeg    + . .        e - +0 ring mail
rPois   inf          (no helmet)
rElec   +            (no cloak)
rCorr   .            (no gloves)
SInv    .            (no boots)
Will    .....        (no amulet)
Stlth   +            (no ring)
HPRegen 0.24/turn    (no ring)
MPRegen 0.09/turn

%: no passive effects
@: no status effects
A: sickness immunity, AC +3, negative energy resistance 1, electricity
resistance, torment resistance 1, petrification resistance
a: no special abilities


You were on level 2 of the Dungeon.
You visited 1 branch of the dungeon, and saw 2 of its levels.

You collected 79 gold pieces.


Innate Abilities, Weirdness & Mutations

You are immune to sickness and miasma.
Your stone body is resilient. (AC +3)
You are immune to poison.
You resist negative energy. (rN+)
You are resistant to electric shocks. (rElec)
You are resistant to unholy torment.
You are immune to petrification.


   Skills:
 - Level 2.0 Fighting
 + Level 3.9 Ranged Weapons
 - Level 1.5 Dodging
 - Level 1.0 Spellcasting
 - Level 2.6 Hexes


You had 4 spell levels left.
You knew the following spells:

 Your Spells              Type           Power      Damage    Failure   Level
a - Slow                  Hex            28%        N/A       22%         1

Your spell library contained the following spells:

 Spells                   Type           Power      Damage    Failure   Level
 Inner Flame              Hex/Fire       4%         N/A       73%         3
 Portal Projectile        Hex/Tloc       8%         N/A       73%         3
 Cause Fear               Hex            3%         N/A       91%         4

Inventory:

Hand Weapons
 Y - a +1 sling (weapon)
Armour
 e - a +0 ring mail (worn)
Jewellery
 b - a +6 ring of strength
Scrolls
 a - a scroll of teleportation {unknown}
 c - a scroll of identify {unknown}
Potions
 d - a potion of haste {unknown}
 f - a potion of mutation {unknown}
 g - a potion of curing {unknown}
 h - a potion of enlightenment {unknown}
 i - a potion of heal wounds
 j - a potion of degeneration {unknown}

Dungeon Overview and Level Annotations

Branches:
Dungeon (2/15)

Altars:

Annotations:
D:2 Sigmund


Message History

You open the door.
Found a stone staircase leading down.
Enter note:
Enter note:
There is an open door here.
You open the door.
Found a beast talisman.
Enter note:
Enter note:
There is an open door here.
Sigmund the Dreaded comes into view.
He is wielding a +2 heavy scythe.
Sigmund shouts!
Enter note:
Enter note: You shoot a sling bullet.
The sling bullet hits Sigmund.
Sigmund is lightly wounded.
Sigmund laughs darkly.
Sigmund casts a spell.
Sigmund flickers and vanishes!
Deactivating autopickup; reactivate with Ctrl-A.
You shoot a sling bullet. Something completely misses you.
You shoot a sling bullet. Something hits you.
You shoot a sling bullet. You shoot a sling bullet.
Something hits you but does no damage.
You shoot a sling bullet. You shoot a sling bullet. Something hits you!
Ouch! That really hurt!
You shoot a sling bullet. Something hits you.
You shoot a sling bullet. You shoot a sling bullet. Something hits you!
You shoot a sling bullet. You shoot a sling bullet. Something hits you.
You die...

...#......#.........
...#......#.........
.....#######.#+#######
####.# #.......... #.#
####'###..## #.#
#.....# # #.# #...|.#
.# #.# #.....##{.# ...
#.....@...# ..
#.....###.# +.......
#.....### #.....
#..##. #.. .. ## ..


There were no monsters in sight!

Vanquished Creatures
  An adder (D:2)
  2 worms
  2 dart slugs (D:1)
  4 endoplasms (D:1)
  A giant cockroach (D:1)
  2 goblins (D:1)
  8 hobgoblins
  4 jackals
  6 kobolds
  2 ball pythons
  3 bats (D:1)
  A frilled lizard (D:1)
  5 rats
41 creatures vanquished.

Notes
Turn   | Place    | Note
-------+----------+-------------------------------------------
     0 | D:1      | qw the Gargoyle Hexslinger began the quest for the Orb.
     0 | D:1      | Reached XP level 1. HP: 12/12 MP: 2/2
     0 | D:1      | 0 ||| qw: Version: 0.3-a-52-g30416fa
     0 | D:1      | 0 ||| qw: Game counter: 6288
     0 | D:1      | 0 ||| qw: Melee chars always use a shield: true
     0 | D:1      | 0 ||| qw: God list: Okawaru
     0 | D:1      | 0 ||| qw: Allow faded altars: false
     0 | D:1      | 0 ||| qw: Do Orc after clearing Dungeon:15 true
     0 | D:1      | 0 ||| qw: Do second Lair branch before Depths: true
     0 | D:1      | 0 ||| qw: Lair rune preference: random
     0 | D:1      | 0 ||| qw: Goals: Normal
     0 | D:1      | 0 ||| PLANNING D:1-11
    53 | D:1      | Reached XP level 2. HP: 11/16 MP: 3/3
   108 | D:1      | Reached skill level 3 in Ranged Weapons
   365 | D:1      | Reached XP level 3. HP: 21/21 MP: 4/4
   618 | D:1      | 618 ||| UPGRADING to +0 ring mail.
   628 | D:1      | 628 ||| DROPPING +0 robe.
   629 | D:1      | 629 ||| READING scroll labelled WEUDEN SYVES.
   630 | D:1      | 630 ||| DRINKING 2 puce potions.
   631 | D:1      | 631 ||| DROPPING scroll of poison.
   653 | D:2      | 653 ||| STAIRDANCE
   659 | D:1      | HP: 5/21 [jackal (3)]
   660 | D:1      | 660 ||| DRINKING potion of heal wounds.
   721 | D:2      | HP: 5/21 [worm (6)]
   823 | D:2      | Reached XP level 4. HP: 21/26 MP: 5/5
   828 | D:2      | 828 ||| FLEEEEING.
   871 | D:2      | Found a faded altar of an unknown god.
   958 | D:2      | Noticed Sigmund
   968 | D:2      | HP: 1/26 [something (8)]
   970 | D:2      | Slain by Sigmund

Levels and vault maps discovered:
D:1:      heliophobic_arrival_battle_scene, layout_basic, serial_park_tiny_1
D:2:      layout_basic, nicolae_ecumenical_oubliette, basic_altar, serial_shops,
          shop, minmay_pentomino_o2, uniq_sigmund

Skill      XL: |  1  2  3 |
---------------+----------+-----
Ranged Weapons | 3 |  3.9
Fighting       | 2 |  2.0
Dodging        | |  1.5
Spellcasting   | |  1.0
Hexes          | |  2.6

Action                     |  1- 3 |  4- 6 || total
---------------------------+-------+-------++-------
   Fire: Sling             |   143 |    32 ||   175
    Use: Potion            |     2 |       ||     2
         Scroll            |     1 |       ||     1
 Armour: Robe              |     9 |       ||     9
         Ring mail         |    37 |     9 ||    46
  Dodge: Dodged            |    81 |    12 ||    93

Table legend:
 A = Non-vault XP
 B = Vault XP
 C = Vault XP percentage of total XP
 D = Non-vault monster count
 E = Vault monster count
 F = Vault count percentage of total count
                 A         B        C        D         E       F
            +---------+---------+-------+---------+---------+-------
      Total |      89 |       3 |   3.3 |      39 |       2 |   4.9
            +---------+---------+-------+---------+---------+-------
        D:1 |      62 |       0 |   0.0 |      32 |       0 |   0.0
        D:2 |      27 |       3 |  10.0 |       7 |       2 |  22.2
            +---------+---------+-------+---------+---------+-------
